 Dungeon Crawl Stone Soup version 0.22.1-2-g9c5b331383 (webtiles) character file.

401 Jynx the Vexing (level 6, -3/28 HPs)
             Began as a Spriggan Enchanter on Dec 16, 2018.
             Was an Initiate of Ashenzari.
             Killed by divine providence
             ... invoked by an orc priest
              (15 damage)
             ... on level 4 of the Dungeon.
             The game lasted 00:06:15 (4297 turns).

Jynx the Vexing (Spriggan Enchanter)                Turns: 4297, Time: 00:06:16

Health: -3/28      AC:  2    Str:  4    XL:     6   Next: 54%
Magic:  14/14      EV: 18    Int: 18    God:    Ashenzari [......]
Gold:   255        SH:  0    Dex: 17    Spells: 2/14 levels left

rFire    . . .     SeeInvis +   a - +2 dagger
rCold    . . .     Gourm    .   (shield restricted)
rNeg     . . .     Faith    .   b - +0 robe
rPois    .         Spirit   .   (helmet restricted)
rElec    .         Reflect  .   (no cloak)
rCorr    .         Harm     .   (gloves unavailable)
MR       +....                  (boots unavailable)
Stlth    +++.......             (no amulet)
HPRegen  0.09/turn              c - ring of wizardry
MPRegen  0.14/turn              (no ring)

@: very quick
A: very small, unfitting armour, see invisible, herbivore, speed 3, slow
metabolism 2
a: Curse Item, Renounce Religion


You were on level 4 of the Dungeon.
You worshipped Ashenzari.
Ashenzari was noncommittal.
You were hungry.

You visited 2 branches of the dungeon, and saw 5 of its levels.

You collected 255 gold pieces.

Inventory:

Hand Weapons
 a - a +2 dagger (weapon)
Armour
 b - a +0 robe (worn)
Jewellery
 c - a ring of wizardry (left hand)
 q - an uncursed ring of flight
Wands
 i - a wand of digging (13)
Scrolls
 g - 2 scrolls of teleportation
 h - a scroll of immolation
 m - a scroll of identify
 n - a scroll of magic mapping {unknown}
 p - a scroll of amnesia {unknown}
Potions
 e - 2 potions of brilliance {unknown}
 f - a potion of heal wounds {unknown}
 j - 2 potions of magic {unknown}
 k - 2 potions of invisibility {unknown}
 l - a potion of degeneration {unknown}
 o - a potion of curing {unknown}
Comestibles
 d - 7 rations


   Skills:
 * Level 5.2 Short Blades
 - Level 3.0 Dodging
 - Level 4.4 Stealth
 + Level 4.8 Spellcasting
 + Level 5.5 Hexes


You had 2 spell levels left.
You knew the following spells:

 Your Spells              Type           Power        Failure   Level  Hunger
a - Corona                Hex            ###....      1%          1    None
b - Ensorcelled Hibernat  Hex/Ice        ##....       2%          2    #......
c - Confuse               Hex            ###.....     1%          3    ###....
d - Tukima's Dance        Hex            ###.....     1%          3    ###....
e - Dazzling Spray        Conj/Hex       ##....       5%          3    ###....

Your spell library contained the following spells:

 Spells                   Type           Power        Failure   Level  Hunger


Dungeon Overview and Level Annotations

Branches:
Dungeon (4/15)             Temple (1/1) D:4

Altars:
Ashenzari
Cheibriados
Dithmenos
Gozag
Hepliaklqana
Nemelex Xobeh
Qazlal
Ru
Vehumet
Wu Jian
Yredelemnul
Zin

Annotations:
D:3 1 runed door


Innate Abilities, Weirdness & Mutations

You are very small and have problems with some larger weapons.
You are too small for most types of armour.
You have supernaturally acute eyesight. (SInv)
You are a herbivore.
You cover ground extremely quickly.
You need to consume almost no food.


Message History

The walls and floor vibrate strangely for a moment.
You start resting.
Magic restored.
You start resting.
HP restored.
You are feeling hungry.
You see here a hound skeleton. 2 orcs come into view.
The orc moves out of view.
The orc shouts!
An orc priest comes into view. It is wielding a club.
An orc wizard comes into view. It is wielding a dagger.
The orc priest calls down the wrath of Beogh upon you.
Beogh smites you!
Ouch! That really hurt!
The orc wizard shouts!
The orc priest calls down the wrath of Beogh upon you.
Beogh smites you!
Ouch! That really hurt!
You die...

##.....
##.......
##.......
#...o...
#....o#
#...o.# # #.
#....# ##
#.. #.@..#
.##
#..###..o.#
..#
#.........#
..##
#.........#
.(.#
#.........#
†..##
#####.....##
....#
###....#
...##
#....#####
.###
##........


You could see an orc priest, an orc wizard and 2 orcs.

Vanquished Creatures
  Grinder (D:3)
  2 hounds (D:4)
  Terence (D:3)
  A worker ant (D:4)
  3 adders
  An ooze (D:2)
  2 worms
  A leopard gecko (D:1)
  An orc (D:3)
  A ball python (D:3)
  6 giant cockroaches
  3 goblins
  4 hobgoblins
  4 jackals (D:4)
  5 kobolds
  A quokka (D:3)
  4 frilled lizards (D:3)
  10 rats
51 creatures vanquished.

Vanquished Creatures (collateral kills)
  A gnoll (D:4)
1 creature vanquished.

Grand Total: 52 creatures vanquished

Notes
Turn   | Place    | Note
-------+----------+-------------------------------------------
     0 | D:1      | Jynx the Spriggan Enchanter began the quest for the Orb.
     0 | D:1      | Reached XP level 1. HP: 9/9 MP: 5/5
   532 | D:1      | Reached XP level 2. HP: 12/13 MP: 6/6
   833 | D:1      | Learned a level 2 spell: Ensorcelled Hibernation
  1362 | D:2      | Reached XP level 3. HP: 11/16 MP: 0/8
  1725 | D:2      | Found a glowing silver altar of Zin.
  1725 | D:2      | Found a sparkling altar of Nemelex Xobeh.
  1726 | D:2      | Found an opulent altar of Gozag.
  1727 | D:2      | Found a snail-covered altar of Cheibriados.
  1728 | D:2      | Found a stormy altar of Qazlal.
  1729 | D:2      | Found a hazy altar of Hepliaklqana.
  2021 | D:3      | Noticed Grinder
  2023 | D:3      | Paralysed by Grinder for 6 turns
  2181 | D:3      | Learned a level 3 spell: Confuse
  2238 | D:3      | Found a radiant altar of Vehumet.
  2451 | D:3      | Noticed Terence
  2598 | D:3      | Killed Grinder
  2598 | D:3      | Reached skill level 5 in Hexes
  2598 | D:3      | Reached XP level 4. HP: 21/21 MP: 3/11
  2598 | D:3      | Reached XP level 5. HP: 24/24 MP: 3/12
  2934 | D:3      | Killed Terence
  2934 | D:3      | Reached XP level 6. HP: 28/28 MP: 9/13
  2998 | D:3      | Found a runed door.
  3537 | D:4      | Reached skill level 5 in Short Blades
  3654 | D:4      | Found a staircase to the Ecumenical Temple.
  3660 | Temple   | Entered the Ecumenical Temple
  3738 | Temple   | Became a worshipper of Ashenzari the Shackled
  4096 | D:4      | Learned a level 3 spell: Tukima's Dance
  4100 | D:4      | Learned a level 3 spell: Dazzling Spray
  4297 | D:4      | Killed from afar by an orc priest

Skill      XL: |  1  2  3  4  5  6 |
---------------+-------------------+-----
Spellcasting   | 3 4 |  4.8
Short Blades   | 2 4 5 |  5.2
Hexes          | 4 5 |  5.5
Dodging        | |  3.0
Stealth        | |  4.4

Action                   |  1- 3 |  4- 6 || total
-------------------------+-------+-------++-------
Melee: Dagger            |   127 |    91 ||   218
 Cast: Ensorcelled Hiber |    10 |    12 ||    22
       Corona            |     1 |       ||     1
       Confuse           |     2 |     2 ||     4
       Tukima's Dance    |       |     3 ||     3
  Use: Scroll            |     5 |       ||     5
 Stab: Sleeping          |    13 |     8 ||    21
       Confused          |     3 |     1 ||     4
       Distracted        |       |     1 ||     1
  Eat: Ration            |       |     1 ||     1
Armor: Robe              |     8 |     5 ||    13
Dodge: Dodged            |    88 |    56 ||   144
